 Dungeon Crawl Stone Soup version 0.28-a0-1167-g616b1c6417 (webtiles) character file.

Game seed: 16867303975939412359

436 Htamos the Thaumaturge (level 6, -3/32 HPs)
             Began as a Deep Elf Conjurer on Dec 16, 2021.
             Slain by a phantom (8 damage)
             ... on level 5 of the Dungeon.
             The game lasted 00:05:20 (3691 turns).

Htamos the Thaumaturge (Deep Elf Conjurer)          Turns: 3691, Time: 00:05:21

Health: -3/32      AC:  2    Str:  4    XL:     6   Next: 68%
Magic:  15/19      EV: 12    Int: 25    God:
Gold:   58         SH:  0    Dex: 13    Spells: 12/21 levels left

rFire   . . .      SeeInvis .   (no weapon)
rCold   . . .      Faith    .   (no shield)
rNeg    . . .      Spirit   .   a - +0 robe
rPois   .          Reflect  .   (no helmet)
rElec   .          Harm     .   (no cloak)
rCorr   .          Rampage  .   (no gloves)
Will    .....                   (no boots)
Stlth   ++........              (no amulet)
HPRegen 0.10/turn               (no ring)
MPRegen 0.16/turn               (no ring)

@: about to teleport
A: no striking features
a: no special abilities


You were on level 5 of the Dungeon.
You visited 1 branch of the dungeon, and saw 6 of its levels.

You collected 58 gold pieces.

Inventory:

Hand Weapons
 d - a +2 short sword of electrocution
 k - a +1 dagger of freezing
Missiles
 m - 36 arrows
 n - 24 poisoned darts
Armour
 a - a +0 robe (worn)
 f - a +0 ring mail
 g - a +0 leather armour
Magical Staves
 h - a staff of cold
Wands
 j - a wand of flame (6)
Scrolls
 c - 5 scrolls of identify {unknown}
 l - 4 scrolls of fog {unknown}
 o - a scroll of vulnerability {unknown}
 p - a scroll of noise {unknown}
 q - a scroll of blinking {unknown}
 r - a scroll of teleportation
 s - a scroll of summoning {unknown}
Potions
 b - 2 potions of mutation {unknown}
 e - a potion of invisibility {unknown}
 i - 2 potions of resistance {unknown}
 t - a potion of curing {unknown}


   Skills:
 - Level 2.4 Dodging
 - Level 2.4 Stealth
 * Level 8.0 Spellcasting
 + Level 6.2 Conjurations


You had 12 spell levels left.
You knew the following spells:

 Your Spells              Type           Power      Damage    Failure   Level
a - Magic Dart            Conj           100%       1d8       1%          1
b - Fulminant Prism       Conj/Hex       12%        3d9       17%         4
c - Iskenderun's Mystic   Conj/Tloc      25%        2d7       17%         4

Your spell library contained the following spells:

 Spells                   Type           Power      Damage    Failure   Level
 Shock                    Conj/Air       100%       1d9       1%          1
 Searing Ray              Conj           82%        2d7       1%          2
 Dazzling Flash           Conj/Hex       50%        N/A       4%          3
 Leda's Liquefaction      Hex/Erth       5%         N/A       52%         4
 Lee's Rapid Deconstruct  Erth           5%         3d7*      86%         5
 Statue Form              Tmut/Erth      6%         N/A       100%        6


Dungeon Overview and Level Annotations

Branches:
Dungeon (6/15)
 Temple: D:4-7

Altars:

Annotations:
D:6 Sigmund


Message History

The howler monkey hits you.
Unknown command.
Casting: Magic Dart (safe; 1% risk of failure)
Confirm with . or Enter, or press ? or * to list all spells.
Aiming: Magic Dart (safe; 1% risk of failure)
Press: ? - help, Shift-Dir - straight line, f/p - howler monkey
Aim: a howler monkey (almost dead, catching its breath, 100% to hit)
The magic dart hits the howler monkey but does no damage.
The howler monkey is almost dead.
The howler monkey closely misses you.
Unknown command.
Casting: Magic Dart (safe; 1% risk of failure)
Confirm with . or Enter, or press ? or * to list all spells.
Aiming: Magic Dart (safe; 1% risk of failure)
Press: ? - help, Shift-Dir - straight line, f/p - howler monkey
Aim: a howler monkey (almost dead, catching its breath, 100% to hit)
The magic dart hits the howler monkey.
You kill the howler monkey!
Your Spellcasting skill increases to level 8!
Unknown command.
A phantom and a zombie come into view.
The phantom hits you but does no damage.
There is a stone staircase leading up here.
The phantom barely misses you. The centaur zombie hits you.
The centaur zombie barely misses you.
You climb upwards.
Reactivating autopickup.
The acid dragon roars!
You hear an angry hiss.
There is a stone staircase leading down here.
An iguana comes into view.
The phantom hits you.
* * * LOW HITPOINT WARNING * * *
The phantom blinks!
You blink.
Found 12 gold pieces.
The iguana bites you!
* * * LOW HITPOINT WARNING * * *
The iguana misses you.
As you read the scroll labelled REOSCH XEUREW, it crumbles to dust.
You feel strangely unstable.
It was a scroll of teleportation.
The phantom hits you!
You die...

#. #. ≈ #. ####
.≈ #
#.####...#$.≈
#....##.......≈
#..#..$......≈≈
####...##......≈.
#......Dl@...#
#.......W#####
#.......##
#>.....##
#......#
#.......#
#........#
#.........
#.........


You could see a phantom, an acid dragon and an iguana.

Vanquished Creatures
  A necrophage (D:6)
  A scorpion (D:6)
  2 howler monkeys (D:6)
  2 bullfrog zombies (D:6)
  A centaur skeleton (D:6)
  Jessica (D:2)
  A howler monkey skeleton (D:6)
  3 adders
  A worm (D:2)
  A dart slug (D:2)
  6 ball pythons
  4 bats
  4 endoplasms
  5 giant cockroaches
  7 goblins
  3 hobgoblins
  A quokka (D:1)
  3 frilled lizards
  4 kobolds
  5 rats
56 creatures vanquished.

Notes
Turn   | Place    | Note
-------+----------+-------------------------------------------
     0 | D:1      | Htamos the Deep Elf Conjurer began the quest for the Orb.
     0 | D:1      | Reached XP level 1. HP: 10/10 MP: 6/6
   346 | D:1      | Reached XP level 2. HP: 15/15 MP: 6/8
  1008 | D:1      | Reached skill level 4 in Spellcasting
  1202 | D:2      | Noticed Jessica
  1205 | D:2      | Killed Jessica
  1206 | D:2      | Reached XP level 3. HP: 19/19 MP: 7/11
  1348 | D:2      | Reached skill level 5 in Spellcasting
  1348 | D:2      | Reached skill level 5 in Conjurations
  1538 | D:2      | Found a faded altar of an unknown god.
  1548 | D:2      | Got Plato's Handbook of Lightness
  1656 | D:2      | Reached XP level 4. HP: 24/24 MP: 9/13
  2461 | D:3      | Learned a level 4 spell: Fulminant Prism
  2466 | D:3      | Learned a level 4 spell: Iskenderun's Mystic Blast
  2973 | D:4      | You fall into a shaft and drop 2 floors!
  2996 | D:6      | Reached skill level 6 in Spellcasting
  2996 | D:6      | Reached XP level 5. HP: 9/28 MP: 6/15
  3205 | D:5      | Entered Level 5 of the Dungeon
  3205 | D:5      | Noticed an acid dragon
  3412 | D:6      | Noticed a necrophage
  3420 | D:6      | Killed a necrophage
  3421 | D:6      | Reached skill level 7 in Spellcasting
  3421 | D:6      | Reached XP level 6. HP: 29/32 MP: 13/18
  3591 | D:6      | Noticed Sigmund
  3681 | D:6      | Reached skill level 8 in Spellcasting
  3691 | D:5      | Slain by a phantom

Illustrated notes

Levels and vault maps discovered:
D:1:      scummos_arrival_simple_crosswalls, layout_basic
D:2:      layout_loops_corners, shapermc_ecumenical_altar_rom_forum,
          uniq_jessica
D:3:      layout_basic
D:4:      layout_rooms, chequers_serial_rivers_micro_d
D:5:      layout_loops_ring, lemuel_mausoleum_altar_kikubaaqudgha,
          serial_rivers, chequers_serial_rivers_micro_b,
          chequers_serial_rivers_small_3, chequers_serial_rivers_large_a,
          chequers_serial_rivers_micro_e, chequers_serial_rivers_room_a,
          kennysheep_generic_room_12, uniq_prince_ribbit1
D:6:      minmay_clustersquares, layout_loops_cross, serial_shops,
          nicolae_shop_statue_plus, chequers_serial_rivers_micro_b, uniq_sigmund

Skill      XL: |  1  2  3  4  5  6 |
---------------+-------------------+-----
Spellcasting   | 4 5 6 7 8 |  8.0
Conjurations   | 5 6 |  6.2
Dodging        | |  2.4
Stealth        | |  2.4

Action                   |  1- 3 |  4- 6 || total
-------------------------+-------+-------++-------
 Cast: Magic Dart        |    51 |    90 ||   141
Evoke: Wand              |       |     4 ||     4
  Use: Scroll            |       |     1 ||     1
Armor: Robe              |       |     5 ||     5
Dodge: Dodged            |     4 |    15 ||    19

Table legend: (Time is in decaauts)
 A = Elapsed time spent in this place.
 B = Non-inter-level travel time spent in this place.
 C = Inter-level travel time spent in this place.
 D = Time resting spent in this place.
 E = Time spent auto-exploring this place.
 F = Levels seen in this place.
 G = Mean time per level.
                   A        B        C        D        E       F      G
               +--------+--------+--------+--------+--------+-----+--------+
         Total |   3690 |   3566 |    124 |    336 |   2804 |   6 |  615.0 |
       Dungeon |   3690 |   3566 |    124 |    336 |   2804 |   6 |  615.0 |
               +--------+--------+--------+--------+--------+-----+--------+

Top non-repeatable levels by time:
     D:1: 1189 daAuts
     D:2: 1043 daAuts
     D:3: 739 daAuts
     D:6: 712 daAuts
     D:5: 6 daAuts
